 Dungeon Crawl Stone Soup version 0.27-a0-1185-ga233589e6f (webtiles) character file.

Game seed: 10509326102477359404

583 Delamore the Cudgeller (level 7, -2/44 HPs)
             Began as a Gargoyle Fighter on May 18, 2021.
             Was an Initiate of Okawaru.
             Slain by a lemure (6 damage)
             ... led by Pikel
             ... on level 4 of the Dungeon.
             The game lasted 00:05:02 (4331 turns).

Delamore the Cudgeller (Gargoyle Fighter)           Turns: 4331, Time: 00:05:02

Health: -2/44      AC: 14    Str: 17    XL:     7   Next: 37%
Magic:  0/7        EV:  7    Int:  9    God:    Okawaru [......]
Gold:   209        SH: 10    Dex: 14    Spells: 6/6 levels left

rFire    . . .     SeeInvis .   u - +11 spear of Saltpetre {holy, +Rage Str-4 Dex+5}
rCold    . . .     Faith    .   c - +0 kite shield
rNeg     + . .     Spirit   +   b - +0 scale mail
rPois    ∞         Reflect  .   i - +0 hat
rElec    +         Harm     .   (no cloak)
rCorr    .         Rampage  .   h - +2 pair of gloves
Will     .....                  (no boots)
Stlth    ..........             r - amulet of guardian spirit
HPRegen  0.14/turn              (no ring)
MPRegen  0.10/turn              (no ring)

@: no status effects
A: sickness immunity, AC +4, negative energy resistance 1, electricity
resistance, torment resistance 1, petrification resistance
a: Renounce Religion, Evoke Berserk Rage


You were on level 4 of the Dungeon.
You worshipped Okawaru.
Okawaru was noncommittal.
You visited 2 branches of the dungeon, and saw 5 of its levels.

You collected 209 gold pieces.

Inventory:

Hand Weapons
 a - a +0 flail
 o - a +3 flail
 u - the +11 spear of Saltpetre (weapon) {holy, +Rage Str-4 Dex+5}
   (You found it on level 4 of the Dungeon)

   It has been blessed by the Shining One to cause great damage to the undead
   and demons.
   It affects your strength (-4).
   It affects your dexterity (+5).
   It lets you go berserk.
Missiles
 e - 2 throwing nets (quivered)
Armour
 b - a +0 scale mail (worn)
 c - a +0 kite shield (worn)
 h - a +2 pair of gloves (worn)
 i - a +0 hat (worn)
Jewellery
 l - a ring of wizardry
 r - an amulet of guardian spirit (around neck)
Scrolls
 j - a scroll of amnesia {unknown}
 n - a scroll of enchant weapon {unknown}
 p - a scroll of identify {unknown}
 t - a scroll of teleportation {unknown}
Potions
 d - a potion of might
 f - a potion of mutation {unknown}
 g - 5 potions of flight {unknown}
 k - a potion of lignification {unknown}
 m - a potion of degeneration {unknown}
 q - a potion of cancellation {unknown}
 s - a potion of invisibility {unknown}


   Skills:
 - Level 5.0 Fighting
 + Level 6.2 Maces & Flails
 - Level 3.2 Armour
 - Level 5.0 Shields


You had 6 spell levels left.
You didn't know any spells.
Your spell library contained the following spells:

 Spells                   Type           Power      Damage    Failure   Level
 Summon Small Mammal      Summ           0%         N/A       99%         1
 Call Imp                 Summ           0%         N/A       100%        2
 Call Canine Familiar     Summ           0%         N/A       100%        3
 Confusing Touch          Hex            0%         N/A       100%        3
 Gell's Gravitas          Tloc           0%         N/A       100%        3
 Summon Guardian Golem    Hex/Summ       0%         N/A       100%        3
 Petrify                  Tmut/Erth      0%         N/A       100%        4
 Summon Ice Beast         Ice/Summ       0%         N/A       100%        4
 Summon Lightning Spire   Summ/Air       0%         N/A       100%        4
 Metabolic Englaciation   Hex/Ice        0%         N/A       100%        5
 Yara's Violent Unravell  Hex/Tmut       0%         3d3       100%        5


Dungeon Overview and Level Annotations

Branches:
Dungeon (4/15)             Temple (1/1) D:4

Altars:
Ashenzari
Cheibriados
Elyvilon
Hepliaklqana
Kikubaaqudgha
Okawaru
Ru
Sif Muna
Vehumet
Xom
The Shining One

Annotations:
D:4 Pikel


Innate Abilities, Weirdness & Mutations

You are immune to sickness and miasma.
Your stone body is resilient. (AC +4)
You are immune to poison.
You resist negative energy. (rN+)
You are resistant to electric shocks. (rElec)
You are resistant to unholy torment.
You are immune to petrification.


Message History

Pikel is heavily wounded.
Pikel says, "Hell isn't that bad."
You block Pikel's attack. The lemure hits you but does no damage.
The lemure hits you. You block the lemure's attack. Pikel closely misses you.
The lemure hits you but does no damage.
You hit Pikel.
Pikel is severely wounded.
Pikel hits you with a +2 whip of freezing.
Pikel freezes you. You block the lemure's attack.
The lemure hits you but does no damage.
You hit Pikel.
Pikel is severely wounded.
Pikel hits you with a +2 whip of freezing.
* * * LOW HITPOINT WARNING * * *
Pikel freezes you.
* * * LOW HITPOINT WARNING * * *
You block the lemure's attack. The lemure barely misses you.
Your shield prevents you from hitting Pikel.
Pikel is severely wounded.
Pikel hits you but does no damage. The lemure barely misses you.
The lemure hits you but does no damage.
Pikel hits you with a +2 whip of freezing.
* * * LOW HITPOINT WARNING * * *
Pikel freezes you.
* * * LOW HITPOINT WARNING * * *
The lemure hits you.
* * * LOW HITPOINT WARNING * * *
You barely miss Pikel.
Pikel is severely wounded.
The lemure closely misses you. Pikel hits you but does no damage.
The lemure hits you but does no damage. The lemure hits you.
* * * LOW HITPOINT WARNING * * *
You hit Pikel but do no damage.
Pikel is severely wounded.
Pikel hits you with a +2 whip of freezing.
* * * LOW HITPOINT WARNING * * *
Pikel freezes you.
* * * LOW HITPOINT WARNING * * *
The lemure closely misses you. The lemure hits you.
You die...

# ...# .. #. ...+
.. #.. #..# ..
#..##..##.
........ ...5Z
#5K# ##
#####5@###..##
#.............
#.......$.....
#.............
#............. .
#..#######..## .#
#..##.#########..#
#......#..........
#......'..........


You could see Pikel, 3 lemures and a howler monkey skeleton.

Vanquished Creatures
  Grinder (D:3)
  Duvessa (D:4)
  A lemure (D:4)
  Dowan (D:4)
  A centaur skeleton (D:4)
  2 orc wizards (D:4)
  Robin (D:4)
  4 adders
  A white imp (D:4)
  2 worms
  A dart slug (D:1)
  5 orcs
  10 endoplasms
  6 giant cockroaches
  9 goblins
  9 hobgoblins
  10 jackals
  3 quokkas (D:1)
  7 ball pythons
  2 bats (D:2)
  2 frilled lizards
  8 kobolds
  4 rats
91 creatures vanquished.

Notes
Turn   | Place    | Note
-------+----------+-------------------------------------------
     0 | D:1      | Delamore the Gargoyle Fighter began the quest for the Orb.
     0 | D:1      | Reached XP level 1. HP: 14/14 MP: 1/1
   415 | D:1      | Reached XP level 2. HP: 13/19 MP: 2/2
   797 | D:1      | Reached XP level 3. HP: 22/24 MP: 3/3
  1644 | D:2      | Found a faded altar of an unknown god.
  2045 | D:3      | Reached XP level 4. HP: 29/29 MP: 4/4
  2060 | D:3      | Reached skill level 3 in Maces & Flails
  2926 | D:3      | Noticed Grinder
  2931 | D:3      | Paralysed by Grinder for 6 turns
  2942 | D:3      | Paralysed by Grinder for 5 turns
  2947 | D:3      | Killed Grinder
  2948 | D:3      | Reached skill level 5 in Fighting
  2948 | D:3      | Reached skill level 4 in Maces & Flails
  2948 | D:3      | Reached skill level 5 in Shields
  2948 | D:3      | Reached XP level 5. HP: 5/35 MP: 5/5
  2948 | D:3      | Reached XP level 6. HP: 6/40 MP: 6/6
  3332 | D:4      | Noticed Duvessa
  3332 | D:4      | Noticed Dowan
  3341 | D:4      | Killed Duvessa
  3342 | D:4      | Reached skill level 5 in Maces & Flails
  3599 | D:4      | Killed Dowan
  3600 | D:4      | Reached XP level 7. HP: 35/44 MP: 7/7
  3747 | D:4      | Noticed Robin
  3768 | D:4      | Killed Robin
  3769 | D:4      | Reached skill level 6 in Maces & Flails
  4127 | D:4      | Found a staircase to the Ecumenical Temple.
  4141 | Temple   | Entered the Ecumenical Temple
  4233 | Temple   | Became a worshipper of Warmaster Okawaru
  4277 | D:4      | Identified the +11 spear of Saltpetre {holy, +Rage Str-4
                  | Dex+5}
  4311 | D:4      | Noticed Pikel
  4331 | D:4      | Slain by a lemure

Illustrated notes

Levels and vault maps discovered:
D:1:      doesnt_arrival_eight_statues, layout_basic
D:2:      layout_loops_ring, hellmonk_ecumenical_altar_crossroads
D:3:      layout_loops_ring, minmay_pentomino_pile, uniq_grinder
D:4:      layout_gridville, minmay_temple_entry_offerings,
          minmay_fire_ice_demons, uniq_duvessa, uniq_pikel, uniq_robin
Temple:   hc_temple_tempest_star

Skill      XL: |  1  2  3  4  5  6  7 |
---------------+----------------------+-----
Fighting       | 4 5 |  5.0
Shields        | 4 5 |  5.0
Maces & Flails | 4 5 6 |  6.2
Armour         | |  3.2

Action                   |  1- 3 |  4- 6 |  7- 9 || total
-------------------------+-------+-------+-------++-------
Melee: Flail             |   139 |   122 |    60 ||   321
       Spear             |       |       |    18 ||    18
Armor: Scale mail        |    76 |    74 |    52 ||   202
Dodge: Dodged            |    49 |    48 |    26 ||   123
Block: Kite shield       |    76 |    63 |    48 ||   187

Table legend: (Time is in decaauts)
 A = Elapsed time spent in this place.
 B = Non-inter-level travel time spent in this place.
 C = Inter-level travel time spent in this place.
 D = Time resting spent in this place.
 E = Time spent auto-exploring this place.
 F = Levels seen in this place.
 G = Mean time per level.
                   A        B        C        D        E       F      G
               +--------+--------+--------+--------+--------+-----+--------+
         Total |   4481 |   4334 |    147 |    673 |   2881 |   5 |  896.2 |
       Dungeon |   4350 |   4248 |    102 |    673 |   2798 |   4 | 1087.5 |
        Temple |    130 |     85 |     45 |      0 |     83 |   1 |  130.0 |
               +--------+--------+--------+--------+--------+-----+--------+

Top non-repeatable levels by time:
     D:3: 1414 daAuts
     D:1: 1375 daAuts
     D:2: 889 daAuts
     D:4: 671 daAuts
  Temple: 130 daAuts
